Description

his build order is very greedy: You will rush phoenix / Colossus during all the early and mid game. You have to pressure your opponent during all the game to have a strong late game.

Notes : - Start with a standard 1 gate expand - Start your Stargate as soon as possible. The best option is after the first unit and before the warpgate - Never stop the unit production on the Stargate (except if you really need it) - 5min = Drop. Be ready for this timing. - Add your second robo after your second colossus - You can play with only colossus / Phoenix if you want or switch to charge after the 3rd colossus.

VOD

https://youtu.be/AT8obCccdvA

Replay - Terric v zuka - Domaine des dormeurs EC

Build Order

Get SALT Encoding   

  12  0:01  Probe  
  13  0:13  Probe  
  14  0:17  Pylon  
  14  0:25  Probe (Chrono Boost)  
  16  0:37  Probe x2 (Chrono Boost)  
  16  0:38  Gateway  
  16  0:47  Assimilator  
  17  0:52  Probe  
  18  1:04  Probe (Chrono Boost)  
  19  1:16  Probe (Chrono Boost)  
  20  1:25  Probe (Chrono Boost)  
  20  1:28  Zealot  
  20  1:32  Cybernetics Core  
  23  1:36  Pylon  
  23  1:41  Assimilator  
  23  1:54  Probe  
  24  2:05  Adept (Chrono Boost)  
  27  2:09  Warp Gate  
  27  2:21  Pylon  
  28  2:45  Stargate  
  28  2:47  Nexus  
  28  2:50  Adept  
  33  3:27  Phoenix (Chrono Boost)  
  33  3:30  Stalker  
  37  3:43  Phoenix  
  37  3:46  Pylon  
  39  3:52  Shield Battery  
  39  3:56  Robotics Facility  
  41  4:08  Phoenix  
  48  4:32  Assimilator x2  
  48  4:33  Phoenix  
  52  4:40  Stalker  
  56  4:58  Phoenix  
  61  5:14  Robotics Bay  
  61  5:19  Pylon  
  62  5:26  Gateway  
  62  5:35  Gateway  
  62  5:36  Shield Battery  
  64  5:46  Phoenix  
  68  6:00  Nexus  
  69  6:08  Colossus (Chrono Boost)  
  75  6:11  Extended Thermal Lance  
  75  6:21  Zealot x2  
  81  6:26  Twilight Council  
  81  6:39  Robotics Facility  
  81  6:42  Stalker x2  
  85  6:58  Colossus (Chrono Boost)  
  85  7:00  Stalker  
  87  7:06  Phoenix  
  100  7:21  Stalker x2  
  101  7:44  Colossus  
  101  7:49  Forge x2  
  107  7:53  Charge (Chrono Boost)  
  107  7:58  Forge  
  110  8:01  Assimilator  
  113  8:06  Assimilator  
  114  8:17  Phoenix (Chrono Boost)  
  117  8:28  Protoss Ground Armor Level 1 (Chrono Boost)  
  117  8:32  Protoss Ground Weapons Level 1 (Chrono Boost)  
  121  8:40  Immortal, Phoenix (Chrono Boost)  
  124  8:59  Gateway x2  
  127  9:03  Shield Battery x2  
  127  9:05  Colossus (Chrono Boost)  
  133  9:10  Gateway  
  133  9:13  Photon Cannon  
  136  9:20  Warp Prism (Chrono Boost)  
  139  9:28  Phoenix (Chrono Boost)  
  141  9:35  Zealot x3  
  147  9:40  Gateway  
  147  9:57  Zealot x2  
Spawning Tool Build Advisor. Get it on Overwolf

Go to:

Details

  • Created by: zuka      
  • Published on: Dec 03, 2019
  • Patch: 4.11.0
Show
View Real Time Build Order
Export as new Build Order

Comments (0)

There are no comments. Be the first!

Create an account to comment!